%YAML 1.1
%TAG !u! tag:unity3d.com,2011:
--- !u!1 &8725924282614578293
GameObject:
  m_ObjectHideFlags: 0
  m_CorrespondingSourceObject: {fileID: 0}
  m_PrefabInstance: {fileID: 0}
  m_PrefabAsset: {fileID: 0}
  serializedVersion: 6
  m_Component:
  - component: {fileID: 8725924282614578294}
  - component: {fileID: 8725924282614578295}
  - component: {fileID: 2095181144012146629}
  m_Layer: 0
  m_Name: Application Stage
  m_TagString: Untagged
  m_Icon: {fileID: 0}
  m_NavMeshLayer: 0
  m_StaticEditorFlags: 0
  m_IsActive: 1
--- !u!4 &8725924282614578294
Transform:
  m_ObjectHideFlags: 0
  m_CorrespondingSourceObject: {fileID: 0}
  m_PrefabInstance: {fileID: 0}
  m_PrefabAsset: {fileID: 0}
  m_GameObject: {fileID: 8725924282614578293}
  m_LocalRotation: {x: 0, y: 0, z: 0, w: 1}
  m_LocalPosition: {x: 0, y: 0, z: 0}
  m_LocalScale: {x: 1, y: 1, z: 1}
  m_ConstrainProportionsScale: 0
  m_Children:
  - {fileID: 8725924283474981894}
  - {fileID: 8725924283215442266}
  - {fileID: 655438200411477002}
  - {fileID: 1554813468394405374}
  m_Father: {fileID: 0}
  m_RootOrder: 0
  m_LocalEulerAnglesHint: {x: 0, y: 0, z: 0}
--- !u!114 &8725924282614578295
MonoBehaviour:
  m_ObjectHideFlags: 0
  m_CorrespondingSourceObject: {fileID: 0}
  m_PrefabInstance: {fileID: 0}
  m_PrefabAsset: {fileID: 0}
  m_GameObject: {fileID: 8725924282614578293}
  m_Enabled: 1
  m_EditorHideFlags: 0
  m_Script: {fileID: 11500000, guid: b40cf09ef2114bdcb4cdc3330564ab5f, type: 3}
  m_Name: 
  m_EditorClassIdentifier: 
  autoStart: 1
  learningUnit: {fileID: 8725924283474981895}
  playPauseManager: {fileID: 758462604455074550}
  director: {fileID: 8725924283215442341}
  onReset:
    m_PersistentCalls:
      m_Calls: []
  onNext:
    m_PersistentCalls:
      m_Calls:
      - m_Target: {fileID: 2095181144012146629}
        m_TargetAssemblyTypeName: OmiLAXR.SceneManagement.Runtime.SceneQueueControl,
          OmiLAXR.SceneManagement
        m_MethodName: MoveToNextScene
        m_Mode: 1
        m_Arguments:
          m_ObjectArgument: {fileID: 0}
          m_ObjectArgumentAssemblyTypeName: UnityEngine.Object, UnityEngine
          m_IntArgument: 0
          m_FloatArgument: 0
          m_StringArgument: 
          m_BoolArgument: 0
        m_CallState: 2
  onEnabledNextStage:
    m_PersistentCalls:
      m_Calls: []
  translationMatrixManager: {fileID: 5597333759661411520}
  rotationMatrixManager: {fileID: 406059138828004989}
  scalingMatrixManager: {fileID: 9136164290465719358}
  solarSystem: {fileID: 1554813469349138817}
  solarSystemManager: {fileID: 2666146683032826010}
  trsMatrixSun: {fileID: 8971839271719875446}
  trsMatrixEarth: {fileID: 8971839271703442777}
  trsMatrixMoon: {fileID: 8971839270403480569}
  appliedMatricesHolder: {fileID: 5725534411014738581}
  cubeMatrixPreview: {fileID: 1950125815764005216}
--- !u!114 &2095181144012146629
MonoBehaviour:
  m_ObjectHideFlags: 0
  m_CorrespondingSourceObject: {fileID: 0}
  m_PrefabInstance: {fileID: 0}
  m_PrefabAsset: {fileID: 0}
  m_GameObject: {fileID: 8725924282614578293}
  m_Enabled: 1
  m_EditorHideFlags: 0
  m_Script: {fileID: 11500000, guid: d616bbb4998347b38f74dbe4728387b3, type: 3}
  m_Name: 
  m_EditorClassIdentifier: 
  setNextSceneActive: 1
  refillQueueWhenEmpty: 0
--- !u!1001 &2106017199273981171
PrefabInstance:
  m_ObjectHideFlags: 0
  serializedVersion: 2
  m_Modification:
    m_TransformParent: {fileID: 8725924282614578294}
    m_Modifications:
    - target: {fileID: 7215512739411493109, guid: f0e7da133beefaa418460f22da6a3b89,
        type: 3}
      propertyPath: m_RootOrder
      value: 0
      objectReference: {fileID: 0}
    - target: {fileID: 7215512739411493109, guid: f0e7da133beefaa418460f22da6a3b89,
        type: 3}
      propertyPath: m_LocalPosition.x
      value: 0
      objectReference: {fileID: 0}
    - target: {fileID: 7215512739411493109, guid: f0e7da133beefaa418460f22da6a3b89,
        type: 3}
      propertyPath: m_LocalPosition.y
      value: 0
      objectReference: {fileID: 0}
    - target: {fileID: 7215512739411493109, guid: f0e7da133beefaa418460f22da6a3b89,
        type: 3}
      propertyPath: m_LocalPosition.z
      value: 0
      objectReference: {fileID: 0}
    - target: {fileID: 7215512739411493109, guid: f0e7da133beefaa418460f22da6a3b89,
        type: 3}
      propertyPath: m_LocalRotation.w
      value: 1
      objectReference: {fileID: 0}
    - target: {fileID: 7215512739411493109, guid: f0e7da133beefaa418460f22da6a3b89,
        type: 3}
      propertyPath: m_LocalRotation.x
      value: -0
      objectReference: {fileID: 0}
    - target: {fileID: 7215512739411493109, guid: f0e7da133beefaa418460f22da6a3b89,
        type: 3}
      propertyPath: m_LocalRotation.y
      value: -0
      objectReference: {fileID: 0}
    - target: {fileID: 7215512739411493109, guid: f0e7da133beefaa418460f22da6a3b89,
        type: 3}
      propertyPath: m_LocalRotation.z
      value: -0
      objectReference: {fileID: 0}
    - target: {fileID: 7215512739411493109, guid: f0e7da133beefaa418460f22da6a3b89,
        type: 3}
      propertyPath: m_LocalEulerAnglesHint.x
      value: 0
      objectReference: {fileID: 0}
    - target: {fileID: 7215512739411493109, guid: f0e7da133beefaa418460f22da6a3b89,
        type: 3}
      propertyPath: m_LocalEulerAnglesHint.y
      value: 0
      objectReference: {fileID: 0}
    - target: {fileID: 7215512739411493109, guid: f0e7da133beefaa418460f22da6a3b89,
        type: 3}
      propertyPath: m_LocalEulerAnglesHint.z
      value: 0
      objectReference: {fileID: 0}
    - target: {fileID: 7215512739411493110, guid: f0e7da133beefaa418460f22da6a3b89,
        type: 3}
      propertyPath: m_Name
      value: LU:Application
      objectReference: {fileID: 0}
    m_RemovedComponents: []
  m_SourcePrefab: {fileID: 100100000, guid: f0e7da133beefaa418460f22da6a3b89, type: 3}
--- !u!114 &8725924281988494003 stripped
MonoBehaviour:
  m_CorrespondingSourceObject: {fileID: 7215512737675707968, guid: f0e7da133beefaa418460f22da6a3b89,
    type: 3}
  m_PrefabInstance: {fileID: 2106017199273981171}
  m_PrefabAsset: {fileID: 0}
  m_GameObject: {fileID: 0}
  m_Enabled: 1
  m_EditorHideFlags: 0
  m_Script: {fileID: 11500000, guid: ec0b76a7489946298af4c8318bae42d0, type: 3}
  m_Name: 
  m_EditorClassIdentifier: 
--- !u!114 &8725924282093100018 stripped
MonoBehaviour:
  m_CorrespondingSourceObject: {fileID: 7215512738163584769, guid: f0e7da133beefaa418460f22da6a3b89,
    type: 3}
  m_PrefabInstance: {fileID: 2106017199273981171}
  m_PrefabAsset: {fileID: 0}
  m_GameObject: {fileID: 0}
  m_Enabled: 1
  m_EditorHideFlags: 0
  m_Script: {fileID: 11500000, guid: 5f3342e3b18f48b3a6370cbfe5cb13c4, type: 3}
  m_Name: 
  m_EditorClassIdentifier: 
--- !u!114 &8725924283126737570 stripped
MonoBehaviour:
  m_CorrespondingSourceObject: {fileID: 7215512739214515793, guid: f0e7da133beefaa418460f22da6a3b89,
    type: 3}
  m_PrefabInstance: {fileID: 2106017199273981171}
  m_PrefabAsset: {fileID: 0}
  m_GameObject: {fileID: 0}
  m_Enabled: 1
  m_EditorHideFlags: 0
  m_Script: {fileID: 11500000, guid: ec0b76a7489946298af4c8318bae42d0, type: 3}
  m_Name: 
  m_EditorClassIdentifier: 
--- !u!4 &8725924283474981894 stripped
Transform:
  m_CorrespondingSourceObject: {fileID: 7215512739411493109, guid: f0e7da133beefaa418460f22da6a3b89,
    type: 3}
  m_PrefabInstance: {fileID: 2106017199273981171}
  m_PrefabAsset: {fileID: 0}
--- !u!114 &8725924283474981895 stripped
MonoBehaviour:
  m_CorrespondingSourceObject: {fileID: 7215512739411493108, guid: f0e7da133beefaa418460f22da6a3b89,
    type: 3}
  m_PrefabInstance: {fileID: 2106017199273981171}
  m_PrefabAsset: {fileID: 0}
  m_GameObject: {fileID: 0}
  m_Enabled: 1
  m_EditorHideFlags: 0
  m_Script: {fileID: 11500000, guid: 1cb751f3fa55450c8d75c62efdc05914, type: 3}
  m_Name: 
  m_EditorClassIdentifier: 
--- !u!114 &8725924283523811774 stripped
MonoBehaviour:
  m_CorrespondingSourceObject: {fileID: 7215512739361520973, guid: f0e7da133beefaa418460f22da6a3b89,
    type: 3}
  m_PrefabInstance: {fileID: 2106017199273981171}
  m_PrefabAsset: {fileID: 0}
  m_GameObject: {fileID: 0}
  m_Enabled: 1
  m_EditorHideFlags: 0
  m_Script: {fileID: 11500000, guid: 5f3342e3b18f48b3a6370cbfe5cb13c4, type: 3}
  m_Name: 
  m_EditorClassIdentifier: 
--- !u!114 &8725924283787012362 stripped
MonoBehaviour:
  m_CorrespondingSourceObject: {fileID: 7215512739622608377, guid: f0e7da133beefaa418460f22da6a3b89,
    type: 3}
  m_PrefabInstance: {fileID: 2106017199273981171}
  m_PrefabAsset: {fileID: 0}
  m_GameObject: {fileID: 0}
  m_Enabled: 1
  m_EditorHideFlags: 0
  m_Script: {fileID: 11500000, guid: 5f3342e3b18f48b3a6370cbfe5cb13c4, type: 3}
  m_Name: 
  m_EditorClassIdentifier: 
--- !u!1001 &2430706080098278870
PrefabInstance:
  m_ObjectHideFlags: 0
  serializedVersion: 2
  m_Modification:
    m_TransformParent: {fileID: 8725924282614578294}
    m_Modifications:
    - target: {fileID: 469844384531710665, guid: 880d84be9dfb81e48acb5bea4d729a9d,
        type: 3}
      propertyPath: placeholder
      value: 
      objectReference: {fileID: 7166645681865939342}
    - target: {fileID: 678605646116492841, guid: 880d84be9dfb81e48acb5bea4d729a9d,
        type: 3}
      propertyPath: onCorrectSunEarthRatio.m_PersistentCalls.m_Calls.Array.data[0].m_Target
      value: 
      objectReference: {fileID: 4492195784591527105}
    - target: {fileID: 678605646116492841, guid: 880d84be9dfb81e48acb5bea4d729a9d,
        type: 3}
      propertyPath: onIncorrectSunEarthRatio.m_PersistentCalls.m_Calls.Array.data[0].m_Target
      value: 
      objectReference: {fileID: 4492195784591527105}
    - target: {fileID: 678605646116492841, guid: 880d84be9dfb81e48acb5bea4d729a9d,
        type: 3}
      propertyPath: onPlacedInCoordinateSystem.m_PersistentCalls.m_Calls.Array.data[0].m_Target
      value: 
      objectReference: {fileID: 4492195784591527105}
    - target: {fileID: 678605646116492841, guid: 880d84be9dfb81e48acb5bea4d729a9d,
        type: 3}
      propertyPath: onRemovedFromCoordinateSystem.m_PersistentCalls.m_Calls.Array.data[0].m_Target
      value: 
      objectReference: {fileID: 4492195784591527105}
    - target: {fileID: 678605646116492841, guid: 880d84be9dfb81e48acb5bea4d729a9d,
        type: 3}
      propertyPath: onCorrectEarthRotationAndTranslation.m_PersistentCalls.m_Calls.Array.data[0].m_Target
      value: 
      objectReference: {fileID: 4492195784591527105}
    - target: {fileID: 678605646116492841, guid: 880d84be9dfb81e48acb5bea4d729a9d,
        type: 3}
      propertyPath: onIncorrectEarthRotationAndTranslation.m_PersistentCalls.m_Calls.Array.data[0].m_Target
      value: 
      objectReference: {fileID: 4492195784591527105}
    - target: {fileID: 998697383444651288, guid: 880d84be9dfb81e48acb5bea4d729a9d,
        type: 3}
      propertyPath: onCorrectMoon.m_PersistentCalls.m_Calls.Array.data[0].m_Target
      value: 
      objectReference: {fileID: 4492195784591527105}
    - target: {fileID: 998697383444651288, guid: 880d84be9dfb81e48acb5bea4d729a9d,
        type: 3}
      propertyPath: onIncorrectMoon.m_PersistentCalls.m_Calls.Array.data[0].m_Target
      value: 
      objectReference: {fileID: 4492195784591527105}
    - target: {fileID: 998697383444651288, guid: 880d84be9dfb81e48acb5bea4d729a9d,
        type: 3}
      propertyPath: onPlacedInCoordinateSystem.m_PersistentCalls.m_Calls.Array.data[0].m_Target
      value: 
      objectReference: {fileID: 4492195784591527105}
    - target: {fileID: 998697383444651288, guid: 880d84be9dfb81e48acb5bea4d729a9d,
        type: 3}
      propertyPath: onRemovedFromCoordinateSystem.m_PersistentCalls.m_Calls.Array.data[0].m_Target
      value: 
      objectReference: {fileID: 4492195784591527105}
    - target: {fileID: 1290523555943738098, guid: 880d84be9dfb81e48acb5bea4d729a9d,
        type: 3}
      propertyPath: m_AnchorMax.x
      value: 1
      objectReference: {fileID: 0}
    - target: {fileID: 1290523555943738098, guid: 880d84be9dfb81e48acb5bea4d729a9d,
        type: 3}
      propertyPath: m_AnchorMax.y
      value: 1
      objectReference: {fileID: 0}
    - target: {fileID: 1290523555943738098, guid: 880d84be9dfb81e48acb5bea4d729a9d,
        type: 3}
      propertyPath: m_AnchorMin.x
      value: 0
      objectReference: {fileID: 0}
    - target: {fileID: 1290523555943738098, guid: 880d84be9dfb81e48acb5bea4d729a9d,
        type: 3}
      propertyPath: m_AnchorMin.y
      value: 0
      objectReference: {fileID: 0}
    - target: {fileID: 1290523555943738098, guid: 880d84be9dfb81e48acb5bea4d729a9d,
        type: 3}
      propertyPath: m_SizeDelta.x
      value: 99
      objectReference: {fileID: 0}
    - target: {fileID: 1290523555943738098, guid: 880d84be9dfb81e48acb5bea4d729a9d,
        type: 3}
      propertyPath: m_SizeDelta.y
      value: 99.7
      objectReference: {fileID: 0}
    - target: {fileID: 2052971761457905369, guid: 880d84be9dfb81e48acb5bea4d729a9d,
        type: 3}
      propertyPath: placeholder
      value: 
      objectReference: {fileID: 6057999069950055152}
    - target: {fileID: 2304027470948965100, guid: 880d84be9dfb81e48acb5bea4d729a9d,
        type: 3}
      propertyPath: m_Mesh
      value: 
      objectReference: {fileID: 0}
    - target: {fileID: 2304027470948965106, guid: 880d84be9dfb81e48acb5bea4d729a9d,
        type: 3}
      propertyPath: m_Mesh
      value: 
      objectReference: {fileID: 0}
    - target: {fileID: 2304027470948965106, guid: 880d84be9dfb81e48acb5bea4d729a9d,
        type: 3}
      propertyPath: m_VersionIndex
      value: 2145
      objectReference: {fileID: 0}
    - target: {fileID: 2304027471343067420, guid: 880d84be9dfb81e48acb5bea4d729a9d,
        type: 3}
      propertyPath: m_Mesh
      value: 
      objectReference: {fileID: 0}
    - target: {fileID: 2304027471343067618, guid: 880d84be9dfb81e48acb5bea4d729a9d,
        type: 3}
      propertyPath: m_Mesh
      value: 
      objectReference: {fileID: 0}
    - target: {fileID: 2304027471343067618, guid: 880d84be9dfb81e48acb5bea4d729a9d,
        type: 3}
      propertyPath: m_VersionIndex
      value: 2145
      objectReference: {fileID: 0}
    - target: {fileID: 3262299174696566208, guid: 880d84be9dfb81e48acb5bea4d729a9d,
        type: 3}
      propertyPath: onlyOnce
      value: 1
      objectReference: {fileID: 0}
    - target: {fileID: 3262299174747372527, guid: 880d84be9dfb81e48acb5bea4d729a9d,
        type: 3}
      propertyPath: onlyOnce
      value: 1
      objectReference: {fileID: 0}
    - target: {fileID: 3262299175460083023, guid: 880d84be9dfb81e48acb5bea4d729a9d,
        type: 3}
      propertyPath: onlyOnce
      value: 1
      objectReference: {fileID: 0}
    - target: {fileID: 3758347148020789202, guid: 880d84be9dfb81e48acb5bea4d729a9d,
        type: 3}
      propertyPath: m_Name
      value: MoonTargetPanel
      objectReference: {fileID: 0}
    - target: {fileID: 3758347148399337450, guid: 880d84be9dfb81e48acb5bea4d729a9d,
        type: 3}
      propertyPath: m_Name
      value: EarthTargetPanel
      objectReference: {fileID: 0}
    - target: {fileID: 3758347148539592349, guid: 880d84be9dfb81e48acb5bea4d729a9d,
        type: 3}
      propertyPath: highlightOnHover
      value: 0
      objectReference: {fileID: 0}
    - target: {fileID: 3758347148561359452, guid: 880d84be9dfb81e48acb5bea4d729a9d,
        type: 3}
      propertyPath: m_Name
      value: TranslationTargetPanel
      objectReference: {fileID: 0}
    - target: {fileID: 3758347148585833322, guid: 880d84be9dfb81e48acb5bea4d729a9d,
        type: 3}
      propertyPath: m_Name
      value: ScalingTargetPanel
      objectReference: {fileID: 0}
    - target: {fileID: 3758347148651860695, guid: 880d84be9dfb81e48acb5bea4d729a9d,
        type: 3}
      propertyPath: m_Enabled
      value: 0
      objectReference: {fileID: 0}
    - target: {fileID: 3758347148652437544, guid: 880d84be9dfb81e48acb5bea4d729a9d,
        type: 3}
      propertyPath: m_RootOrder
      value: 3
      objectReference: {fileID: 0}
    - target: {fileID: 3758347148652437544, guid: 880d84be9dfb81e48acb5bea4d729a9d,
        type: 3}
      propertyPath: m_LocalPosition.x
      value: -3.4915185
      objectReference: {fileID: 0}
    - target: {fileID: 3758347148652437544, guid: 880d84be9dfb81e48acb5bea4d729a9d,
        type: 3}
      propertyPath: m_LocalPosition.y
      value: 0.5565213
      objectReference: {fileID: 0}
    - target: {fileID: 3758347148652437544, guid: 880d84be9dfb81e48acb5bea4d729a9d,
        type: 3}
      propertyPath: m_LocalPosition.z
      value: -3.8413744
      objectReference: {fileID: 0}
    - target: {fileID: 3758347148652437544, guid: 880d84be9dfb81e48acb5bea4d729a9d,
        type: 3}
      propertyPath: m_LocalRotation.w
      value: 1
      objectReference: {fileID: 0}
    - target: {fileID: 3758347148652437544, guid: 880d84be9dfb81e48acb5bea4d729a9d,
        type: 3}
      propertyPath: m_LocalRotation.x
      value: -0
      objectReference: {fileID: 0}
    - target: {fileID: 3758347148652437544, guid: 880d84be9dfb81e48acb5bea4d729a9d,
        type: 3}
      propertyPath: m_LocalRotation.y
      value: -0
      objectReference: {fileID: 0}
    - target: {fileID: 3758347148652437544, guid: 880d84be9dfb81e48acb5bea4d729a9d,
        type: 3}
      propertyPath: m_LocalRotation.z
      value: -0
      objectReference: {fileID: 0}
    - target: {fileID: 3758347148652437544, guid: 880d84be9dfb81e48acb5bea4d729a9d,
        type: 3}
      propertyPath: m_LocalEulerAnglesHint.x
      value: 0
      objectReference: {fileID: 0}
    - target: {fileID: 3758347148652437544, guid: 880d84be9dfb81e48acb5bea4d729a9d,
        type: 3}
      propertyPath: m_LocalEulerAnglesHint.y
      value: 0
      objectReference: {fileID: 0}
    - target: {fileID: 3758347148652437544, guid: 880d84be9dfb81e48acb5bea4d729a9d,
        type: 3}
      propertyPath: m_LocalEulerAnglesHint.z
      value: 0
      objectReference: {fileID: 0}
    - target: {fileID: 3758347148652437551, guid: 880d84be9dfb81e48acb5bea4d729a9d,
        type: 3}
      propertyPath: m_Name
      value: Application Stage Scene
      objectReference: {fileID: 0}
    - target: {fileID: 3758347148763990037, guid: 880d84be9dfb81e48acb5bea4d729a9d,
        type: 3}
      propertyPath: pointableGroup
      value: 
      objectReference: {fileID: 0}
    - target: {fileID: 3758347148763990042, guid: 880d84be9dfb81e48acb5bea4d729a9d,
        type: 3}
      propertyPath: m_Name
      value: RotationTargetPanel
      objectReference: {fileID: 0}
    - target: {fileID: 3758347148965101398, guid: 880d84be9dfb81e48acb5bea4d729a9d,
        type: 3}
      propertyPath: m_Name
      value: SunTargetPanel
      objectReference: {fileID: 0}
    - target: {fileID: 3758347149913328727, guid: 880d84be9dfb81e48acb5bea4d729a9d,
        type: 3}
      propertyPath: playPauseDirector
      value: 
      objectReference: {fileID: 4492195784591527105}
    - target: {fileID: 3840944870038510910, guid: 880d84be9dfb81e48acb5bea4d729a9d,
        type: 3}
      propertyPath: onHasRotation.m_PersistentCalls.m_Calls.Array.data[0].m_Target
      value: 
      objectReference: {fileID: 4492195784591527105}
    - target: {fileID: 3840944870038510910, guid: 880d84be9dfb81e48acb5bea4d729a9d,
        type: 3}
      propertyPath: onHasNoRotation.m_PersistentCalls.m_Calls.Array.data[0].m_Target
      value: 
      objectReference: {fileID: 4492195784591527105}
    - target: {fileID: 3840944870038510910, guid: 880d84be9dfb81e48acb5bea4d729a9d,
        type: 3}
      propertyPath: onPlacedInCoordinateSystem.m_PersistentCalls.m_Calls.Array.data[0].m_Target
      value: 
      objectReference: {fileID: 4492195784591527105}
    - target: {fileID: 3840944870038510910, guid: 880d84be9dfb81e48acb5bea4d729a9d,
        type: 3}
      propertyPath: onRemovedFromCoordinateSystem.m_PersistentCalls.m_Calls.Array.data[0].m_Target
      value: 
      objectReference: {fileID: 4492195784591527105}
    - target: {fileID: 4033962837285942008, guid: 880d84be9dfb81e48acb5bea4d729a9d,
        type: 3}
      propertyPath: placeholder
      value: 
      objectReference: {fileID: 4899208476757212092}
    - target: {fileID: 4297188696132001683, guid: 880d84be9dfb81e48acb5bea4d729a9d,
        type: 3}
      propertyPath: m_Mesh
      value: 
      objectReference: {fileID: 0}
    - target: {fileID: 4297188696132001683, guid: 880d84be9dfb81e48acb5bea4d729a9d,
        type: 3}
      propertyPath: m_VersionIndex
      value: 2145
      objectReference: {fileID: 0}
    - target: {fileID: 4297188696132001685, guid: 880d84be9dfb81e48acb5bea4d729a9d,
        type: 3}
      propertyPath: m_Mesh
      value: 
      objectReference: {fileID: 0}
    - target: {fileID: 4297188696272712465, guid: 880d84be9dfb81e48acb5bea4d729a9d,
        type: 3}
      propertyPath: m_Mesh
      value: 
      objectReference: {fileID: 0}
    - target: {fileID: 4297188696272712465, guid: 880d84be9dfb81e48acb5bea4d729a9d,
        type: 3}
      propertyPath: m_VersionIndex
      value: 2148
      objectReference: {fileID: 0}
    - target: {fileID: 4297188696272712467, guid: 880d84be9dfb81e48acb5bea4d729a9d,
        type: 3}
      propertyPath: m_Mesh
      value: 
      objectReference: {fileID: 0}
    - target: {fileID: 4297188696343118784, guid: 880d84be9dfb81e48acb5bea4d729a9d,
        type: 3}
      propertyPath: m_Mesh
      value: 
      objectReference: {fileID: 0}
    - target: {fileID: 4297188696343118784, guid: 880d84be9dfb81e48acb5bea4d729a9d,
        type: 3}
      propertyPath: m_VersionIndex
      value: 2148
      objectReference: {fileID: 0}
    - target: {fileID: 4297188696343118786, guid: 880d84be9dfb81e48acb5bea4d729a9d,
        type: 3}
      propertyPath: m_Mesh
      value: 
      objectReference: {fileID: 0}
    - target: {fileID: 4297188696568241789, guid: 880d84be9dfb81e48acb5bea4d729a9d,
        type: 3}
      propertyPath: m_Mesh
      value: 
      objectReference: {fileID: 0}
    - target: {fileID: 4297188696568241789, guid: 880d84be9dfb81e48acb5bea4d729a9d,
        type: 3}
      propertyPath: m_VersionIndex
      value: 2148
      objectReference: {fileID: 0}
    - target: {fileID: 4297188696568241791, guid: 880d84be9dfb81e48acb5bea4d729a9d,
        type: 3}
      propertyPath: m_Mesh
      value: 
      objectReference: {fileID: 0}
    - target: {fileID: 4297188696649799451, guid: 880d84be9dfb81e48acb5bea4d729a9d,
        type: 3}
      propertyPath: m_Mesh
      value: 
      objectReference: {fileID: 0}
    - target: {fileID: 4297188696649799451, guid: 880d84be9dfb81e48acb5bea4d729a9d,
        type: 3}
      propertyPath: m_VersionIndex
      value: 2145
      objectReference: {fileID: 0}
    - target: {fileID: 4297188696649799453, guid: 880d84be9dfb81e48acb5bea4d729a9d,
        type: 3}
      propertyPath: m_Mesh
      value: 
      objectReference: {fileID: 0}
    - target: {fileID: 4297188696748838896, guid: 880d84be9dfb81e48acb5bea4d729a9d,
        type: 3}
      propertyPath: m_Mesh
      value: 
      objectReference: {fileID: 0}
    - target: {fileID: 4297188696748838896, guid: 880d84be9dfb81e48acb5bea4d729a9d,
        type: 3}
      propertyPath: m_VersionIndex
      value: 2148
      objectReference: {fileID: 0}
    - target: {fileID: 4297188696748838898, guid: 880d84be9dfb81e48acb5bea4d729a9d,
        type: 3}
      propertyPath: m_Mesh
      value: 
      objectReference: {fileID: 0}
    - target: {fileID: 4297188696771679064, guid: 880d84be9dfb81e48acb5bea4d729a9d,
        type: 3}
      propertyPath: m_Mesh
      value: 
      objectReference: {fileID: 0}
    - target: {fileID: 4297188696771679142, guid: 880d84be9dfb81e48acb5bea4d729a9d,
        type: 3}
      propertyPath: m_Mesh
      value: 
      objectReference: {fileID: 0}
    - target: {fileID: 4297188696771679142, guid: 880d84be9dfb81e48acb5bea4d729a9d,
        type: 3}
      propertyPath: m_VersionIndex
      value: 2145
      objectReference: {fileID: 0}
    - target: {fileID: 4297188697079270016, guid: 880d84be9dfb81e48acb5bea4d729a9d,
        type: 3}
      propertyPath: m_Mesh
      value: 
      objectReference: {fileID: 0}
    - target: {fileID: 4297188697079270030, guid: 880d84be9dfb81e48acb5bea4d729a9d,
        type: 3}
      propertyPath: m_Mesh
      value: 
      objectReference: {fileID: 0}
    - target: {fileID: 4297188697079270030, guid: 880d84be9dfb81e48acb5bea4d729a9d,
        type: 3}
      propertyPath: m_VersionIndex
      value: 2145
      objectReference: {fileID: 0}
    - target: {fileID: 4297188697201818899, guid: 880d84be9dfb81e48acb5bea4d729a9d,
        type: 3}
      propertyPath: m_Mesh
      value: 
      objectReference: {fileID: 0}
    - target: {fileID: 4297188697201818899, guid: 880d84be9dfb81e48acb5bea4d729a9d,
        type: 3}
      propertyPath: m_VersionIndex
      value: 2145
      objectReference: {fileID: 0}
    - target: {fileID: 4297188697201818901, guid: 880d84be9dfb81e48acb5bea4d729a9d,
        type: 3}
      propertyPath: m_Mesh
      value: 
      objectReference: {fileID: 0}
    - target: {fileID: 4297188697987477201, guid: 880d84be9dfb81e48acb5bea4d729a9d,
        type: 3}
      propertyPath: m_Mesh
      value: 
      objectReference: {fileID: 0}
    - target: {fileID: 4297188697987477201, guid: 880d84be9dfb81e48acb5bea4d729a9d,
        type: 3}
      propertyPath: m_VersionIndex
      value: 2145
      objectReference: {fileID: 0}
    - target: {fileID: 4297188697987477203, guid: 880d84be9dfb81e48acb5bea4d729a9d,
        type: 3}
      propertyPath: m_Mesh
      value: 
      objectReference: {fileID: 0}
    - target: {fileID: 4813943432300397656, guid: 880d84be9dfb81e48acb5bea4d729a9d,
        type: 3}
      propertyPath: forGameObject
      value: 
      objectReference: {fileID: 236160000153675035}
    - target: {fileID: 4881630195846566542, guid: 880d84be9dfb81e48acb5bea4d729a9d,
        type: 3}
      propertyPath: m_VersionIndex
      value: 934
      objectReference: {fileID: 0}
    - target: {fileID: 4881630196137263436, guid: 880d84be9dfb81e48acb5bea4d729a9d,
        type: 3}
      propertyPath: m_VersionIndex
      value: 940
      objectReference: {fileID: 0}
    - target: {fileID: 4881630196660054852, guid: 880d84be9dfb81e48acb5bea4d729a9d,
        type: 3}
      propertyPath: m_VersionIndex
      value: 937
      objectReference: {fileID: 0}
    - target: {fileID: 4881630196758049711, guid: 880d84be9dfb81e48acb5bea4d729a9d,
        type: 3}
      propertyPath: m_VersionIndex
      value: 937
      objectReference: {fileID: 0}
    - target: {fileID: 4881630196781477881, guid: 880d84be9dfb81e48acb5bea4d729a9d,
        type: 3}
      propertyPath: m_VersionIndex
      value: 937
      objectReference: {fileID: 0}
    - target: {fileID: 4881630197086385873, guid: 880d84be9dfb81e48acb5bea4d729a9d,
        type: 3}
      propertyPath: m_VersionIndex
      value: 937
      objectReference: {fileID: 0}
    - target: {fileID: 4881630197215470540, guid: 880d84be9dfb81e48acb5bea4d729a9d,
        type: 3}
      propertyPath: m_VersionIndex
      value: 937
      objectReference: {fileID: 0}
    - target: {fileID: 4881630197355646798, guid: 880d84be9dfb81e48acb5bea4d729a9d,
        type: 3}
      propertyPath: m_VersionIndex
      value: 934
      objectReference: {fileID: 0}
    - target: {fileID: 4881630197424045983, guid: 880d84be9dfb81e48acb5bea4d729a9d,
        type: 3}
      propertyPath: m_VersionIndex
      value: 940
      objectReference: {fileID: 0}
    - target: {fileID: 4881630197651776034, guid: 880d84be9dfb81e48acb5bea4d729a9d,
        type: 3}
      propertyPath: m_VersionIndex
      value: 937
      objectReference: {fileID: 0}
    - target: {fileID: 5219820404256315433, guid: 880d84be9dfb81e48acb5bea4d729a9d,
        type: 3}
      propertyPath: m_Enabled
      value: 1
      objectReference: {fileID: 0}
    - target: {fileID: 5219820404256315433, guid: 880d84be9dfb81e48acb5bea4d729a9d,
        type: 3}
      propertyPath: forGameObject
      value: 
      objectReference: {fileID: 1554813467979817802}
    - target: {fileID: 6396853484474375276, guid: 880d84be9dfb81e48acb5bea4d729a9d,
        type: 3}
      propertyPath: m_OnClick.m_PersistentCalls.m_Calls.Array.size
      value: 0
      objectReference: {fileID: 0}
    - target: {fileID: 7081600807565649514, guid: 880d84be9dfb81e48acb5bea4d729a9d,
        type: 3}
      propertyPath: forGameObject
      value: 
      objectReference: {fileID: 236160000384663470}
    - target: {fileID: 7486155011302989245, guid: 880d84be9dfb81e48acb5bea4d729a9d,
        type: 3}
      propertyPath: m_VersionIndex
      value: 937
      objectReference: {fileID: 0}
    - target: {fileID: 7486155011982567085, guid: 880d84be9dfb81e48acb5bea4d729a9d,
        type: 3}
      propertyPath: m_VersionIndex
      value: 946
      objectReference: {fileID: 0}
    - target: {fileID: 8095781631114642070, guid: 880d84be9dfb81e48acb5bea4d729a9d,
        type: 3}
      propertyPath: coordinateSystem
      value: 
      objectReference: {fileID: 2147556466293930162}
    - target: {fileID: 8095781632413772337, guid: 880d84be9dfb81e48acb5bea4d729a9d,
        type: 3}
      propertyPath: coordinateSystem
      value: 
      objectReference: {fileID: 2147556466293930162}
    - target: {fileID: 8095781632413772342, guid: 880d84be9dfb81e48acb5bea4d729a9d,
        type: 3}
      propertyPath: m_LocalScale.x
      value: 20
      objectReference: {fileID: 0}
    - target: {fileID: 8095781632413772342, guid: 880d84be9dfb81e48acb5bea4d729a9d,
        type: 3}
      propertyPath: m_LocalScale.y
      value: 20
      objectReference: {fileID: 0}
    - target: {fileID: 8095781632413772342, guid: 880d84be9dfb81e48acb5bea4d729a9d,
        type: 3}
      propertyPath: m_LocalScale.z
      value: 20
      objectReference: {fileID: 0}
    - target: {fileID: 8095781632788809665, guid: 880d84be9dfb81e48acb5bea4d729a9d,
        type: 3}
      propertyPath: coordinateSystem
      value: 
      objectReference: {fileID: 2147556466293930162}
    - target: {fileID: 8095781632788809670, guid: 880d84be9dfb81e48acb5bea4d729a9d,
        type: 3}
      propertyPath: m_LocalScale.x
      value: 20
      objectReference: {fileID: 0}
    - target: {fileID: 8095781632788809670, guid: 880d84be9dfb81e48acb5bea4d729a9d,
        type: 3}
      propertyPath: m_LocalScale.y
      value: 20
      objectReference: {fileID: 0}
    - target: {fileID: 8095781632788809670, guid: 880d84be9dfb81e48acb5bea4d729a9d,
        type: 3}
      propertyPath: m_LocalScale.z
      value: 20
      objectReference: {fileID: 0}
    - target: {fileID: 8095781633023720439, guid: 880d84be9dfb81e48acb5bea4d729a9d,
        type: 3}
      propertyPath: highlightOnHover
      value: 0
      objectReference: {fileID: 0}
    - target: {fileID: 8176155101567453425, guid: 880d84be9dfb81e48acb5bea4d729a9d,
        type: 3}
      propertyPath: onChangedAxis.m_PersistentCalls.m_Calls.Array.data[0].m_Target
      value: 
      objectReference: {fileID: 4492195784591527105}
    m_RemovedComponents: []
  m_SourcePrefab: {fileID: 100100000, guid: 880d84be9dfb81e48acb5bea4d729a9d, type: 3}
--- !u!1 &236160000153675035 stripped
GameObject:
  m_CorrespondingSourceObject: {fileID: 2521057060120115405, guid: 880d84be9dfb81e48acb5bea4d729a9d,
    type: 3}
  m_PrefabInstance: {fileID: 2430706080098278870}
  m_PrefabAsset: {fileID: 0}
--- !u!1 &236160000384663470 stripped
GameObject:
  m_CorrespondingSourceObject: {fileID: 2521057059277283960, guid: 880d84be9dfb81e48acb5bea4d729a9d,
    type: 3}
  m_PrefabInstance: {fileID: 2430706080098278870}
  m_PrefabAsset: {fileID: 0}
--- !u!114 &406059138828004989 stripped
MonoBehaviour:
  m_CorrespondingSourceObject: {fileID: 2601117885732959147, guid: 880d84be9dfb81e48acb5bea4d729a9d,
    type: 3}
  m_PrefabInstance: {fileID: 2430706080098278870}
  m_PrefabAsset: {fileID: 0}
  m_GameObject: {fileID: 3365491207646533600}
  m_Enabled: 1
  m_EditorHideFlags: 0
  m_Script: {fileID: 11500000, guid: 98444268568137c49b3bd270c7b28b41, type: 3}
  m_Name: 
  m_EditorClassIdentifier: 
--- !u!1 &1554813467979817802 stripped
GameObject:
  m_CorrespondingSourceObject: {fileID: 3758347148539592348, guid: 880d84be9dfb81e48acb5bea4d729a9d,
    type: 3}
  m_PrefabInstance: {fileID: 2430706080098278870}
  m_PrefabAsset: {fileID: 0}
--- !u!1 &1554813468183556577 stripped
GameObject:
  m_CorrespondingSourceObject: {fileID: 3758347148462206007, guid: 880d84be9dfb81e48acb5bea4d729a9d,
    type: 3}
  m_PrefabInstance: {fileID: 2430706080098278870}
  m_PrefabAsset: {fileID: 0}
--- !u!1 &1554813468297061632 stripped
GameObject:
  m_CorrespondingSourceObject: {fileID: 3758347148827375830, guid: 880d84be9dfb81e48acb5bea4d729a9d,
    type: 3}
  m_PrefabInstance: {fileID: 2430706080098278870}
  m_PrefabAsset: {fileID: 0}
--- !u!1 &1554813468339392269 stripped
GameObject:
  m_CorrespondingSourceObject: {fileID: 3758347148651860699, guid: 880d84be9dfb81e48acb5bea4d729a9d,
    type: 3}
  m_PrefabInstance: {fileID: 2430706080098278870}
  m_PrefabAsset: {fileID: 0}
--- !u!114 &5515839365999331539
MonoBehaviour:
  m_ObjectHideFlags: 0
  m_CorrespondingSourceObject: {fileID: 0}
  m_PrefabInstance: {fileID: 0}
  m_PrefabAsset: {fileID: 0}
  m_GameObject: {fileID: 1554813468339392269}
  m_Enabled: 1
  m_EditorHideFlags: 0
  m_Script: {fileID: 11500000, guid: ae07eff5cb242fc479fe5d58ea571068, type: 3}
  m_Name: 
  m_EditorClassIdentifier: 
  onMouseClick:
    m_PersistentCalls:
      m_Calls: []
  onMouseEnter:
    m_PersistentCalls:
      m_Calls: []
  onMouseLeave:
    m_PersistentCalls:
      m_Calls: []
  onMouseDown:
    m_PersistentCalls:
      m_Calls: []
  onMouseUp:
    m_PersistentCalls:
      m_Calls: []
--- !u!1 &1554813468394405369 stripped
GameObject:
  m_CorrespondingSourceObject: {fileID: 3758347148652437551, guid: 880d84be9dfb81e48acb5bea4d729a9d,
    type: 3}
  m_PrefabInstance: {fileID: 2430706080098278870}
  m_PrefabAsset: {fileID: 0}
--- !u!4 &1554813468394405374 stripped
Transform:
  m_CorrespondingSourceObject: {fileID: 3758347148652437544, guid: 880d84be9dfb81e48acb5bea4d729a9d,
    type: 3}
  m_PrefabInstance: {fileID: 2430706080098278870}
  m_PrefabAsset: {fileID: 0}
--- !u!114 &1554813469349138817 stripped
MonoBehaviour:
  m_CorrespondingSourceObject: {fileID: 3758347149913328727, guid: 880d84be9dfb81e48acb5bea4d729a9d,
    type: 3}
  m_PrefabInstance: {fileID: 2430706080098278870}
  m_PrefabAsset: {fileID: 0}
  m_GameObject: {fileID: 0}
  m_Enabled: 1
  m_EditorHideFlags: 0
  m_Script: {fileID: 11500000, guid: 25899937aec3cbc4d96d4f6079f30134, type: 3}
  m_Name: 
  m_EditorClassIdentifier: 
--- !u!1 &1554813469528203798 stripped
GameObject:
  m_CorrespondingSourceObject: {fileID: 3758347149802962880, guid: 880d84be9dfb81e48acb5bea4d729a9d,
    type: 3}
  m_PrefabInstance: {fileID: 2430706080098278870}
  m_PrefabAsset: {fileID: 0}
--- !u!114 &1950125815764005216 stripped
MonoBehaviour:
  m_CorrespondingSourceObject: {fileID: 4227656662125472950, guid: 880d84be9dfb81e48acb5bea4d729a9d,
    type: 3}
  m_PrefabInstance: {fileID: 2430706080098278870}
  m_PrefabAsset: {fileID: 0}
  m_GameObject: {fileID: 0}
  m_Enabled: 1
  m_EditorHideFlags: 0
  m_Script: {fileID: 11500000, guid: 127a62b5655cba444ac422a5e85fd14c, type: 3}
  m_Name: 
  m_EditorClassIdentifier: 
--- !u!114 &2147556466293930162 stripped
MonoBehaviour:
  m_CorrespondingSourceObject: {fileID: 4356737272937784676, guid: 880d84be9dfb81e48acb5bea4d729a9d,
    type: 3}
  m_PrefabInstance: {fileID: 2430706080098278870}
  m_PrefabAsset: {fileID: 0}
  m_GameObject: {fileID: 0}
  m_Enabled: 1
  m_EditorHideFlags: 0
  m_Script: {fileID: 11500000, guid: dcd21164598740f418503a0593b11560, type: 3}
  m_Name: 
  m_EditorClassIdentifier: 
--- !u!114 &2666146683032826010 stripped
MonoBehaviour:
  m_CorrespondingSourceObject: {fileID: 341028947617787212, guid: 880d84be9dfb81e48acb5bea4d729a9d,
    type: 3}
  m_PrefabInstance: {fileID: 2430706080098278870}
  m_PrefabAsset: {fileID: 0}
  m_GameObject: {fileID: 1554813468297061632}
  m_Enabled: 1
  m_EditorHideFlags: 0
  m_Script: {fileID: 11500000, guid: 72157218e22fa444d95cb3742962b734, type: 3}
  m_Name: 
  m_EditorClassIdentifier: 
--- !u!1 &3365491207646533600 stripped
GameObject:
  m_CorrespondingSourceObject: {fileID: 1085149949699230262, guid: 880d84be9dfb81e48acb5bea4d729a9d,
    type: 3}
  m_PrefabInstance: {fileID: 2430706080098278870}
  m_PrefabAsset: {fileID: 0}
--- !u!1 &3365491207877512533 stripped
GameObject:
  m_CorrespondingSourceObject: {fileID: 1085149948856406147, guid: 880d84be9dfb81e48acb5bea4d729a9d,
    type: 3}
  m_PrefabInstance: {fileID: 2430706080098278870}
  m_PrefabAsset: {fileID: 0}
--- !u!114 &4899208476757212092 stripped
MonoBehaviour:
  m_CorrespondingSourceObject: {fileID: 7081600807565649514, guid: 880d84be9dfb81e48acb5bea4d729a9d,
    type: 3}
  m_PrefabInstance: {fileID: 2430706080098278870}
  m_PrefabAsset: {fileID: 0}
  m_GameObject: {fileID: 0}
  m_Enabled: 1
  m_EditorHideFlags: 0
  m_Script: {fileID: 11500000, guid: ba0ecb5e8d954a13ac73e5d7f98dc2a3, type: 3}
  m_Name: 
  m_EditorClassIdentifier: 
--- !u!114 &5597333759661411520 stripped
MonoBehaviour:
  m_CorrespondingSourceObject: {fileID: 7788451273850245398, guid: 880d84be9dfb81e48acb5bea4d729a9d,
    type: 3}
  m_PrefabInstance: {fileID: 2430706080098278870}
  m_PrefabAsset: {fileID: 0}
  m_GameObject: {fileID: 0}
  m_Enabled: 1
  m_EditorHideFlags: 0
  m_Script: {fileID: 11500000, guid: 98444268568137c49b3bd270c7b28b41, type: 3}
  m_Name: 
  m_EditorClassIdentifier: 
--- !u!114 &5725534411014738581 stripped
MonoBehaviour:
  m_CorrespondingSourceObject: {fileID: 7984518729334312771, guid: 880d84be9dfb81e48acb5bea4d729a9d,
    type: 3}
  m_PrefabInstance: {fileID: 2430706080098278870}
  m_PrefabAsset: {fileID: 0}
  m_GameObject: {fileID: 0}
  m_Enabled: 1
  m_EditorHideFlags: 0
  m_Script: {fileID: 11500000, guid: d1ccab8a9d214bbf92db46a647bf18f0, type: 3}
  m_Name: 
  m_EditorClassIdentifier: 
--- !u!114 &6057999069950055152 stripped
MonoBehaviour:
  m_CorrespondingSourceObject: {fileID: 8478532364315053862, guid: 880d84be9dfb81e48acb5bea4d729a9d,
    type: 3}
  m_PrefabInstance: {fileID: 2430706080098278870}
  m_PrefabAsset: {fileID: 0}
  m_GameObject: {fileID: 0}
  m_Enabled: 1
  m_EditorHideFlags: 0
  m_Script: {fileID: 11500000, guid: ba0ecb5e8d954a13ac73e5d7f98dc2a3, type: 3}
  m_Name: 
  m_EditorClassIdentifier: 
--- !u!114 &7166645681865939342 stripped
MonoBehaviour:
  m_CorrespondingSourceObject: {fileID: 4813943432300397656, guid: 880d84be9dfb81e48acb5bea4d729a9d,
    type: 3}
  m_PrefabInstance: {fileID: 2430706080098278870}
  m_PrefabAsset: {fileID: 0}
  m_GameObject: {fileID: 0}
  m_Enabled: 1
  m_EditorHideFlags: 0
  m_Script: {fileID: 11500000, guid: ba0ecb5e8d954a13ac73e5d7f98dc2a3, type: 3}
  m_Name: 
  m_EditorClassIdentifier: 
--- !u!114 &8971839270403480569 stripped
MonoBehaviour:
  m_CorrespondingSourceObject: {fileID: 6717675219654231599, guid: 880d84be9dfb81e48acb5bea4d729a9d,
    type: 3}
  m_PrefabInstance: {fileID: 2430706080098278870}
  m_PrefabAsset: {fileID: 0}
  m_GameObject: {fileID: 0}
  m_Enabled: 1
  m_EditorHideFlags: 0
  m_Script: {fileID: 11500000, guid: cda68b9699b14b709a74d2c692e0fe44, type: 3}
  m_Name: 
  m_EditorClassIdentifier: 
--- !u!114 &8971839271703442777 stripped
MonoBehaviour:
  m_CorrespondingSourceObject: {fileID: 6717675219830155407, guid: 880d84be9dfb81e48acb5bea4d729a9d,
    type: 3}
  m_PrefabInstance: {fileID: 2430706080098278870}
  m_PrefabAsset: {fileID: 0}
  m_GameObject: {fileID: 0}
  m_Enabled: 1
  m_EditorHideFlags: 0
  m_Script: {fileID: 11500000, guid: cda68b9699b14b709a74d2c692e0fe44, type: 3}
  m_Name: 
  m_EditorClassIdentifier: 
--- !u!114 &8971839271719875446 stripped
MonoBehaviour:
  m_CorrespondingSourceObject: {fileID: 6717675219879784096, guid: 880d84be9dfb81e48acb5bea4d729a9d,
    type: 3}
  m_PrefabInstance: {fileID: 2430706080098278870}
  m_PrefabAsset: {fileID: 0}
  m_GameObject: {fileID: 0}
  m_Enabled: 1
  m_EditorHideFlags: 0
  m_Script: {fileID: 11500000, guid: cda68b9699b14b709a74d2c692e0fe44, type: 3}
  m_Name: 
  m_EditorClassIdentifier: 
--- !u!114 &9136164290465719358 stripped
MonoBehaviour:
  m_CorrespondingSourceObject: {fileID: 6877479632001743336, guid: 880d84be9dfb81e48acb5bea4d729a9d,
    type: 3}
  m_PrefabInstance: {fileID: 2430706080098278870}
  m_PrefabAsset: {fileID: 0}
  m_GameObject: {fileID: 3365491207877512533}
  m_Enabled: 1
  m_EditorHideFlags: 0
  m_Script: {fileID: 11500000, guid: 98444268568137c49b3bd270c7b28b41, type: 3}
  m_Name: 
  m_EditorClassIdentifier: 
--- !u!1001 &5872667748567865666
PrefabInstance:
  m_ObjectHideFlags: 0
  serializedVersion: 2
  m_Modification:
    m_TransformParent: {fileID: 8725924282614578294}
    m_Modifications:
    - target: {fileID: 1282098736346705497, guid: 946e5987cfb7db340bbf00efbae5c095,
        type: 3}
      propertyPath: m_Events.m_Events.Array.size
      value: 10
      objectReference: {fileID: 0}
    - target: {fileID: 1282098736346705497, guid: 946e5987cfb7db340bbf00efbae5c095,
        type: 3}
      propertyPath: m_Events.m_Signals.Array.size
      value: 10
      objectReference: {fileID: 0}
    - target: {fileID: 1282098736346705497, guid: 946e5987cfb7db340bbf00efbae5c095,
        type: 3}
      propertyPath: m_Events.m_Signals.Array.data[2]
      value: 
      objectReference: {fileID: 11400000, guid: 85769166d5eae0e4e907bee7cb17ee3f,
        type: 2}
    - target: {fileID: 1282098736346705497, guid: 946e5987cfb7db340bbf00efbae5c095,
        type: 3}
      propertyPath: m_Events.m_Signals.Array.data[3]
      value: 
      objectReference: {fileID: 11400000, guid: 0c598dd84025a8d45b0a3c058648451b,
        type: 2}
    - target: {fileID: 1282098736346705497, guid: 946e5987cfb7db340bbf00efbae5c095,
        type: 3}
      propertyPath: m_Events.m_Signals.Array.data[4]
      value: 
      objectReference: {fileID: 11400000, guid: 0e4992aef544cc04dad0bc1b532610ff,
        type: 2}
    - target: {fileID: 1282098736346705497, guid: 946e5987cfb7db340bbf00efbae5c095,
        type: 3}
      propertyPath: m_Events.m_Signals.Array.data[5]
      value: 
      objectReference: {fileID: 11400000, guid: e277dba2e9240d449ab19551c7502dce,
        type: 2}
    - target: {fileID: 1282098736346705497, guid: 946e5987cfb7db340bbf00efbae5c095,
        type: 3}
      propertyPath: m_Events.m_Signals.Array.data[6]
      value: 
      objectReference: {fileID: 11400000, guid: 2914fed599f41234a8d98066e751251a,
        type: 2}
    - target: {fileID: 1282098736346705497, guid: 946e5987cfb7db340bbf00efbae5c095,
        type: 3}
      propertyPath: m_Events.m_Signals.Array.data[7]
      value: 
      objectReference: {fileID: 11400000, guid: 3cdc081479945ce48aa2695da49db8e3,
        type: 2}
    - target: {fileID: 1282098736346705497, guid: 946e5987cfb7db340bbf00efbae5c095,
        type: 3}
      propertyPath: m_Events.m_Signals.Array.data[8]
      value: 
      objectReference: {fileID: 11400000, guid: f91bc8708dad52d41bdd9fbb289fcc6c,
        type: 2}
    - target: {fileID: 1282098736346705497, guid: 946e5987cfb7db340bbf00efbae5c095,
        type: 3}
      propertyPath: m_Events.m_Signals.Array.data[9]
      value: 
      objectReference: {fileID: 11400000, guid: 5777c83ae0c058a4096ff98c59e530aa,
        type: 2}
    - target: {fileID: 1282098736346705497, guid: 946e5987cfb7db340bbf00efbae5c095,
        type: 3}
      propertyPath: m_Events.m_Events.Array.data[2].m_PersistentCalls.m_Calls.Array.size
      value: 1
      objectReference: {fileID: 0}
    - target: {fileID: 1282098736346705497, guid: 946e5987cfb7db340bbf00efbae5c095,
        type: 3}
      propertyPath: m_Events.m_Events.Array.data[3].m_PersistentCalls.m_Calls.Array.size
      value: 1
      objectReference: {fileID: 0}
    - target: {fileID: 1282098736346705497, guid: 946e5987cfb7db340bbf00efbae5c095,
        type: 3}
      propertyPath: m_Events.m_Events.Array.data[4].m_PersistentCalls.m_Calls.Array.size
      value: 1
      objectReference: {fileID: 0}
    - target: {fileID: 1282098736346705497, guid: 946e5987cfb7db340bbf00efbae5c095,
        type: 3}
      propertyPath: m_Events.m_Events.Array.data[5].m_PersistentCalls.m_Calls.Array.size
      value: 1
      objectReference: {fileID: 0}
    - target: {fileID: 1282098736346705497, guid: 946e5987cfb7db340bbf00efbae5c095,
        type: 3}
      propertyPath: m_Events.m_Events.Array.data[6].m_PersistentCalls.m_Calls.Array.size
      value: 1
      objectReference: {fileID: 0}
    - target: {fileID: 1282098736346705497, guid: 946e5987cfb7db340bbf00efbae5c095,
        type: 3}
      propertyPath: m_Events.m_Events.Array.data[7].m_PersistentCalls.m_Calls.Array.size
      value: 1
      objectReference: {fileID: 0}
    - target: {fileID: 1282098736346705497, guid: 946e5987cfb7db340bbf00efbae5c095,
        type: 3}
      propertyPath: m_Events.m_Events.Array.data[8].m_PersistentCalls.m_Calls.Array.size
      value: 1
      objectReference: {fileID: 0}
    - target: {fileID: 1282098736346705497, guid: 946e5987cfb7db340bbf00efbae5c095,
        type: 3}
      propertyPath: m_Events.m_Events.Array.data[9].m_PersistentCalls.m_Calls.Array.size
      value: 1
      objectReference: {fileID: 0}
    - target: {fileID: 1282098736346705497, guid: 946e5987cfb7db340bbf00efbae5c095,
        type: 3}
      propertyPath: m_Events.m_Events.Array.data[2].m_PersistentCalls.m_Calls.Array.data[0].m_Mode
      value: 5
      objectReference: {fileID: 0}
    - target: {fileID: 1282098736346705497, guid: 946e5987cfb7db340bbf00efbae5c095,
        type: 3}
      propertyPath: m_Events.m_Events.Array.data[3].m_PersistentCalls.m_Calls.Array.data[0].m_Mode
      value: 5
      objectReference: {fileID: 0}
    - target: {fileID: 1282098736346705497, guid: 946e5987cfb7db340bbf00efbae5c095,
        type: 3}
      propertyPath: m_Events.m_Events.Array.data[4].m_PersistentCalls.m_Calls.Array.data[0].m_Mode
      value: 5
      objectReference: {fileID: 0}
    - target: {fileID: 1282098736346705497, guid: 946e5987cfb7db340bbf00efbae5c095,
        type: 3}
      propertyPath: m_Events.m_Events.Array.data[5].m_PersistentCalls.m_Calls.Array.data[0].m_Mode
      value: 5
      objectReference: {fileID: 0}
    - target: {fileID: 1282098736346705497, guid: 946e5987cfb7db340bbf00efbae5c095,
        type: 3}
      propertyPath: m_Events.m_Events.Array.data[6].m_PersistentCalls.m_Calls.Array.data[0].m_Mode
      value: 5
      objectReference: {fileID: 0}
    - target: {fileID: 1282098736346705497, guid: 946e5987cfb7db340bbf00efbae5c095,
        type: 3}
      propertyPath: m_Events.m_Events.Array.data[7].m_PersistentCalls.m_Calls.Array.data[0].m_Mode
      value: 5
      objectReference: {fileID: 0}
    - target: {fileID: 1282098736346705497, guid: 946e5987cfb7db340bbf00efbae5c095,
        type: 3}
      propertyPath: m_Events.m_Events.Array.data[8].m_PersistentCalls.m_Calls.Array.data[0].m_Mode
      value: 5
      objectReference: {fileID: 0}
    - target: {fileID: 1282098736346705497, guid: 946e5987cfb7db340bbf00efbae5c095,
        type: 3}
      propertyPath: m_Events.m_Events.Array.data[9].m_PersistentCalls.m_Calls.Array.data[0].m_Mode
      value: 5
      objectReference: {fileID: 0}
    - target: {fileID: 1282098736346705497, guid: 946e5987cfb7db340bbf00efbae5c095,
        type: 3}
      propertyPath: m_Events.m_Events.Array.data[2].m_PersistentCalls.m_Calls.Array.data[0].m_Target
      value: 
      objectReference: {fileID: 4492195784591527105}
    - target: {fileID: 1282098736346705497, guid: 946e5987cfb7db340bbf00efbae5c095,
        type: 3}
      propertyPath: m_Events.m_Events.Array.data[3].m_PersistentCalls.m_Calls.Array.data[0].m_Target
      value: 
      objectReference: {fileID: 4492195784591527105}
    - target: {fileID: 1282098736346705497, guid: 946e5987cfb7db340bbf00efbae5c095,
        type: 3}
      propertyPath: m_Events.m_Events.Array.data[4].m_PersistentCalls.m_Calls.Array.data[0].m_Target
      value: 
      objectReference: {fileID: 4492195784591527105}
    - target: {fileID: 1282098736346705497, guid: 946e5987cfb7db340bbf00efbae5c095,
        type: 3}
      propertyPath: m_Events.m_Events.Array.data[5].m_PersistentCalls.m_Calls.Array.data[0].m_Target
      value: 
      objectReference: {fileID: 4492195784591527105}
    - target: {fileID: 1282098736346705497, guid: 946e5987cfb7db340bbf00efbae5c095,
        type: 3}
      propertyPath: m_Events.m_Events.Array.data[6].m_PersistentCalls.m_Calls.Array.data[0].m_Target
      value: 
      objectReference: {fileID: 4492195784591527105}
    - target: {fileID: 1282098736346705497, guid: 946e5987cfb7db340bbf00efbae5c095,
        type: 3}
      propertyPath: m_Events.m_Events.Array.data[7].m_PersistentCalls.m_Calls.Array.data[0].m_Target
      value: 
      objectReference: {fileID: 4492195784591527105}
    - target: {fileID: 1282098736346705497, guid: 946e5987cfb7db340bbf00efbae5c095,
        type: 3}
      propertyPath: m_Events.m_Events.Array.data[8].m_PersistentCalls.m_Calls.Array.data[0].m_Target
      value: 
      objectReference: {fileID: 4492195784591527105}
    - target: {fileID: 1282098736346705497, guid: 946e5987cfb7db340bbf00efbae5c095,
        type: 3}
      propertyPath: m_Events.m_Events.Array.data[9].m_PersistentCalls.m_Calls.Array.data[0].m_Target
      value: 
      objectReference: {fileID: 4492195784591527105}
    - target: {fileID: 1282098736346705497, guid: 946e5987cfb7db340bbf00efbae5c095,
        type: 3}
      propertyPath: m_Events.m_Events.Array.data[2].m_PersistentCalls.m_Calls.Array.data[0].m_CallState
      value: 2
      objectReference: {fileID: 0}
    - target: {fileID: 1282098736346705497, guid: 946e5987cfb7db340bbf00efbae5c095,
        type: 3}
      propertyPath: m_Events.m_Events.Array.data[3].m_PersistentCalls.m_Calls.Array.data[0].m_CallState
      value: 2
      objectReference: {fileID: 0}
    - target: {fileID: 1282098736346705497, guid: 946e5987cfb7db340bbf00efbae5c095,
        type: 3}
      propertyPath: m_Events.m_Events.Array.data[4].m_PersistentCalls.m_Calls.Array.data[0].m_CallState
      value: 2
      objectReference: {fileID: 0}
    - target: {fileID: 1282098736346705497, guid: 946e5987cfb7db340bbf00efbae5c095,
        type: 3}
      propertyPath: m_Events.m_Events.Array.data[5].m_PersistentCalls.m_Calls.Array.data[0].m_CallState
      value: 2
      objectReference: {fileID: 0}
    - target: {fileID: 1282098736346705497, guid: 946e5987cfb7db340bbf00efbae5c095,
        type: 3}
      propertyPath: m_Events.m_Events.Array.data[6].m_PersistentCalls.m_Calls.Array.data[0].m_CallState
      value: 2
      objectReference: {fileID: 0}
    - target: {fileID: 1282098736346705497, guid: 946e5987cfb7db340bbf00efbae5c095,
        type: 3}
      propertyPath: m_Events.m_Events.Array.data[7].m_PersistentCalls.m_Calls.Array.data[0].m_CallState
      value: 2
      objectReference: {fileID: 0}
    - target: {fileID: 1282098736346705497, guid: 946e5987cfb7db340bbf00efbae5c095,
        type: 3}
      propertyPath: m_Events.m_Events.Array.data[8].m_PersistentCalls.m_Calls.Array.data[0].m_CallState
      value: 2
      objectReference: {fileID: 0}
    - target: {fileID: 1282098736346705497, guid: 946e5987cfb7db340bbf00efbae5c095,
        type: 3}
      propertyPath: m_Events.m_Events.Array.data[9].m_PersistentCalls.m_Calls.Array.data[0].m_CallState
      value: 2
      objectReference: {fileID: 0}
    - target: {fileID: 1282098736346705497, guid: 946e5987cfb7db340bbf00efbae5c095,
        type: 3}
      propertyPath: m_Events.m_Events.Array.data[2].m_PersistentCalls.m_Calls.Array.data[0].m_MethodName
      value: WaitForAction
      objectReference: {fileID: 0}
    - target: {fileID: 1282098736346705497, guid: 946e5987cfb7db340bbf00efbae5c095,
        type: 3}
      propertyPath: m_Events.m_Events.Array.data[3].m_PersistentCalls.m_Calls.Array.data[0].m_MethodName
      value: WaitForAction
      objectReference: {fileID: 0}
    - target: {fileID: 1282098736346705497, guid: 946e5987cfb7db340bbf00efbae5c095,
        type: 3}
      propertyPath: m_Events.m_Events.Array.data[4].m_PersistentCalls.m_Calls.Array.data[0].m_MethodName
      value: WaitForAction
      objectReference: {fileID: 0}
    - target: {fileID: 1282098736346705497, guid: 946e5987cfb7db340bbf00efbae5c095,
        type: 3}
      propertyPath: m_Events.m_Events.Array.data[5].m_PersistentCalls.m_Calls.Array.data[0].m_MethodName
      value: WaitForAction
      objectReference: {fileID: 0}
    - target: {fileID: 1282098736346705497, guid: 946e5987cfb7db340bbf00efbae5c095,
        type: 3}
      propertyPath: m_Events.m_Events.Array.data[6].m_PersistentCalls.m_Calls.Array.data[0].m_MethodName
      value: WaitForAction
      objectReference: {fileID: 0}
    - target: {fileID: 1282098736346705497, guid: 946e5987cfb7db340bbf00efbae5c095,
        type: 3}
      propertyPath: m_Events.m_Events.Array.data[7].m_PersistentCalls.m_Calls.Array.data[0].m_MethodName
      value: WaitForAction
      objectReference: {fileID: 0}
    - target: {fileID: 1282098736346705497, guid: 946e5987cfb7db340bbf00efbae5c095,
        type: 3}
      propertyPath: m_Events.m_Events.Array.data[8].m_PersistentCalls.m_Calls.Array.data[0].m_MethodName
      value: WaitForAction
      objectReference: {fileID: 0}
    - target: {fileID: 1282098736346705497, guid: 946e5987cfb7db340bbf00efbae5c095,
        type: 3}
      propertyPath: m_Events.m_Events.Array.data[9].m_PersistentCalls.m_Calls.Array.data[0].m_MethodName
      value: WaitForAction
      objectReference: {fileID: 0}
    - target: {fileID: 1282098736346705497, guid: 946e5987cfb7db340bbf00efbae5c095,
        type: 3}
      propertyPath: m_Events.m_Events.Array.data[0].m_PersistentCalls.m_Calls.Array.data[0].m_TargetAssemblyTypeName
      value: OmiLAXR.PlayPauseDirector, OmiLAXR
      objectReference: {fileID: 0}
    - target: {fileID: 1282098736346705497, guid: 946e5987cfb7db340bbf00efbae5c095,
        type: 3}
      propertyPath: m_Events.m_Events.Array.data[2].m_PersistentCalls.m_Calls.Array.data[0].m_TargetAssemblyTypeName
      value: OmiLAXR.PlayPauseDirector, OmiLAXR
      objectReference: {fileID: 0}
    - target: {fileID: 1282098736346705497, guid: 946e5987cfb7db340bbf00efbae5c095,
        type: 3}
      propertyPath: m_Events.m_Events.Array.data[3].m_PersistentCalls.m_Calls.Array.data[0].m_TargetAssemblyTypeName
      value: OmiLAXR.PlayPauseDirector, OmiLAXR
      objectReference: {fileID: 0}
    - target: {fileID: 1282098736346705497, guid: 946e5987cfb7db340bbf00efbae5c095,
        type: 3}
      propertyPath: m_Events.m_Events.Array.data[4].m_PersistentCalls.m_Calls.Array.data[0].m_TargetAssemblyTypeName
      value: OmiLAXR.PlayPauseDirector, OmiLAXR
      objectReference: {fileID: 0}
    - target: {fileID: 1282098736346705497, guid: 946e5987cfb7db340bbf00efbae5c095,
        type: 3}
      propertyPath: m_Events.m_Events.Array.data[5].m_PersistentCalls.m_Calls.Array.data[0].m_TargetAssemblyTypeName
      value: OmiLAXR.PlayPauseDirector, OmiLAXR
      objectReference: {fileID: 0}
    - target: {fileID: 1282098736346705497, guid: 946e5987cfb7db340bbf00efbae5c095,
        type: 3}
      propertyPath: m_Events.m_Events.Array.data[6].m_PersistentCalls.m_Calls.Array.data[0].m_TargetAssemblyTypeName
      value: OmiLAXR.PlayPauseDirector, OmiLAXR
      objectReference: {fileID: 0}
    - target: {fileID: 1282098736346705497, guid: 946e5987cfb7db340bbf00efbae5c095,
        type: 3}
      propertyPath: m_Events.m_Events.Array.data[7].m_PersistentCalls.m_Calls.Array.data[0].m_TargetAssemblyTypeName
      value: OmiLAXR.PlayPauseDirector, OmiLAXR
      objectReference: {fileID: 0}
    - target: {fileID: 1282098736346705497, guid: 946e5987cfb7db340bbf00efbae5c095,
        type: 3}
      propertyPath: m_Events.m_Events.Array.data[8].m_PersistentCalls.m_Calls.Array.data[0].m_TargetAssemblyTypeName
      value: OmiLAXR.PlayPauseDirector, OmiLAXR
      objectReference: {fileID: 0}
    - target: {fileID: 1282098736346705497, guid: 946e5987cfb7db340bbf00efbae5c095,
        type: 3}
      propertyPath: m_Events.m_Events.Array.data[9].m_PersistentCalls.m_Calls.Array.data[0].m_TargetAssemblyTypeName
      value: OmiLAXR.PlayPauseDirector, OmiLAXR
      objectReference: {fileID: 0}
    - target: {fileID: 1282098736346705497, guid: 946e5987cfb7db340bbf00efbae5c095,
        type: 3}
      propertyPath: m_Events.m_Events.Array.data[0].m_PersistentCalls.m_Calls.Array.data[0].m_Arguments.m_StringArgument
      value: added_sun
      objectReference: {fileID: 0}
    - target: {fileID: 1282098736346705497, guid: 946e5987cfb7db340bbf00efbae5c095,
        type: 3}
      propertyPath: m_Events.m_Events.Array.data[2].m_PersistentCalls.m_Calls.Array.data[0].m_Arguments.m_StringArgument
      value: added_sun
      objectReference: {fileID: 0}
    - target: {fileID: 1282098736346705497, guid: 946e5987cfb7db340bbf00efbae5c095,
        type: 3}
      propertyPath: m_Events.m_Events.Array.data[3].m_PersistentCalls.m_Calls.Array.data[0].m_Arguments.m_StringArgument
      value: sun_rotation
      objectReference: {fileID: 0}
    - target: {fileID: 1282098736346705497, guid: 946e5987cfb7db340bbf00efbae5c095,
        type: 3}
      propertyPath: m_Events.m_Events.Array.data[4].m_PersistentCalls.m_Calls.Array.data[0].m_Arguments.m_StringArgument
      value: added_earth
      objectReference: {fileID: 0}
    - target: {fileID: 1282098736346705497, guid: 946e5987cfb7db340bbf00efbae5c095,
        type: 3}
      propertyPath: m_Events.m_Events.Array.data[5].m_PersistentCalls.m_Calls.Array.data[0].m_Arguments.m_StringArgument
      value: earth_rotation
      objectReference: {fileID: 0}
    - target: {fileID: 1282098736346705497, guid: 946e5987cfb7db340bbf00efbae5c095,
        type: 3}
      propertyPath: m_Events.m_Events.Array.data[6].m_PersistentCalls.m_Calls.Array.data[0].m_Arguments.m_StringArgument
      value: sun_earth_ratio
      objectReference: {fileID: 0}
    - target: {fileID: 1282098736346705497, guid: 946e5987cfb7db340bbf00efbae5c095,
        type: 3}
      propertyPath: m_Events.m_Events.Array.data[7].m_PersistentCalls.m_Calls.Array.data[0].m_Arguments.m_StringArgument
      value: added_moon
      objectReference: {fileID: 0}
    - target: {fileID: 1282098736346705497, guid: 946e5987cfb7db340bbf00efbae5c095,
        type: 3}
      propertyPath: m_Events.m_Events.Array.data[8].m_PersistentCalls.m_Calls.Array.data[0].m_Arguments.m_StringArgument
      value: moon_rotation
      objectReference: {fileID: 0}
    - target: {fileID: 1282098736346705497, guid: 946e5987cfb7db340bbf00efbae5c095,
        type: 3}
      propertyPath: m_Events.m_Events.Array.data[9].m_PersistentCalls.m_Calls.Array.data[0].m_Arguments.m_StringArgument
      value: learned_translation_dropdown
      objectReference: {fileID: 0}
    - target: {fileID: 1282098736346705497, guid: 946e5987cfb7db340bbf00efbae5c095,
        type: 3}
      propertyPath: m_Events.m_Events.Array.data[2].m_PersistentCalls.m_Calls.Array.data[0].m_Arguments.m_ObjectArgumentAssemblyTypeName
      value: UnityEngine.Object, UnityEngine
      objectReference: {fileID: 0}
    - target: {fileID: 1282098736346705497, guid: 946e5987cfb7db340bbf00efbae5c095,
        type: 3}
      propertyPath: m_Events.m_Events.Array.data[3].m_PersistentCalls.m_Calls.Array.data[0].m_Arguments.m_ObjectArgumentAssemblyTypeName
      value: UnityEngine.Object, UnityEngine
      objectReference: {fileID: 0}
    - target: {fileID: 1282098736346705497, guid: 946e5987cfb7db340bbf00efbae5c095,
        type: 3}
      propertyPath: m_Events.m_Events.Array.data[4].m_PersistentCalls.m_Calls.Array.data[0].m_Arguments.m_ObjectArgumentAssemblyTypeName
      value: UnityEngine.Object, UnityEngine
      objectReference: {fileID: 0}
    - target: {fileID: 1282098736346705497, guid: 946e5987cfb7db340bbf00efbae5c095,
        type: 3}
      propertyPath: m_Events.m_Events.Array.data[5].m_PersistentCalls.m_Calls.Array.data[0].m_Arguments.m_ObjectArgumentAssemblyTypeName
      value: UnityEngine.Object, UnityEngine
      objectReference: {fileID: 0}
    - target: {fileID: 1282098736346705497, guid: 946e5987cfb7db340bbf00efbae5c095,
        type: 3}
      propertyPath: m_Events.m_Events.Array.data[6].m_PersistentCalls.m_Calls.Array.data[0].m_Arguments.m_ObjectArgumentAssemblyTypeName
      value: UnityEngine.Object, UnityEngine
      objectReference: {fileID: 0}
    - target: {fileID: 1282098736346705497, guid: 946e5987cfb7db340bbf00efbae5c095,
        type: 3}
      propertyPath: m_Events.m_Events.Array.data[7].m_PersistentCalls.m_Calls.Array.data[0].m_Arguments.m_ObjectArgumentAssemblyTypeName
      value: UnityEngine.Object, UnityEngine
      objectReference: {fileID: 0}
    - target: {fileID: 1282098736346705497, guid: 946e5987cfb7db340bbf00efbae5c095,
        type: 3}
      propertyPath: m_Events.m_Events.Array.data[8].m_PersistentCalls.m_Calls.Array.data[0].m_Arguments.m_ObjectArgumentAssemblyTypeName
      value: UnityEngine.Object, UnityEngine
      objectReference: {fileID: 0}
    - target: {fileID: 1282098736346705497, guid: 946e5987cfb7db340bbf00efbae5c095,
        type: 3}
      propertyPath: m_Events.m_Events.Array.data[9].m_PersistentCalls.m_Calls.Array.data[0].m_Arguments.m_ObjectArgumentAssemblyTypeName
      value: UnityEngine.Object, UnityEngine
      objectReference: {fileID: 0}
    - target: {fileID: 6370198331854458184, guid: 946e5987cfb7db340bbf00efbae5c095,
        type: 3}
      propertyPath: m_Pivot.x
      value: 0.5
      objectReference: {fileID: 0}
    - target: {fileID: 6370198331854458184, guid: 946e5987cfb7db340bbf00efbae5c095,
        type: 3}
      propertyPath: m_Pivot.y
      value: 0.5
      objectReference: {fileID: 0}
    - target: {fileID: 6370198331854458184, guid: 946e5987cfb7db340bbf00efbae5c095,
        type: 3}
      propertyPath: m_RootOrder
      value: 2
      objectReference: {fileID: 0}
    - target: {fileID: 6370198331854458184, guid: 946e5987cfb7db340bbf00efbae5c095,
        type: 3}
      propertyPath: m_AnchorMax.x
      value: 0
      objectReference: {fileID: 0}
    - target: {fileID: 6370198331854458184, guid: 946e5987cfb7db340bbf00efbae5c095,
        type: 3}
      propertyPath: m_AnchorMax.y
      value: 0
      objectReference: {fileID: 0}
    - target: {fileID: 6370198331854458184, guid: 946e5987cfb7db340bbf00efbae5c095,
        type: 3}
      propertyPath: m_AnchorMin.x
      value: 0
      objectReference: {fileID: 0}
    - target: {fileID: 6370198331854458184, guid: 946e5987cfb7db340bbf00efbae5c095,
        type: 3}
      propertyPath: m_AnchorMin.y
      value: 0
      objectReference: {fileID: 0}
    - target: {fileID: 6370198331854458184, guid: 946e5987cfb7db340bbf00efbae5c095,
        type: 3}
      propertyPath: m_SizeDelta.x
      value: 1
      objectReference: {fileID: 0}
    - target: {fileID: 6370198331854458184, guid: 946e5987cfb7db340bbf00efbae5c095,
        type: 3}
      propertyPath: m_SizeDelta.y
      value: 0.5
      objectReference: {fileID: 0}
    - target: {fileID: 6370198331854458184, guid: 946e5987cfb7db340bbf00efbae5c095,
        type: 3}
      propertyPath: m_LocalPosition.x
      value: 0
      objectReference: {fileID: 0}
    - target: {fileID: 6370198331854458184, guid: 946e5987cfb7db340bbf00efbae5c095,
        type: 3}
      propertyPath: m_LocalPosition.y
      value: 0
      objectReference: {fileID: 0}
    - target: {fileID: 6370198331854458184, guid: 946e5987cfb7db340bbf00efbae5c095,
        type: 3}
      propertyPath: m_LocalPosition.z
      value: 0
      objectReference: {fileID: 0}
    - target: {fileID: 6370198331854458184, guid: 946e5987cfb7db340bbf00efbae5c095,
        type: 3}
      propertyPath: m_LocalRotation.w
      value: 0
      objectReference: {fileID: 0}
    - target: {fileID: 6370198331854458184, guid: 946e5987cfb7db340bbf00efbae5c095,
        type: 3}
      propertyPath: m_LocalRotation.x
      value: -0
      objectReference: {fileID: 0}
    - target: {fileID: 6370198331854458184, guid: 946e5987cfb7db340bbf00efbae5c095,
        type: 3}
      propertyPath: m_LocalRotation.y
      value: 1
      objectReference: {fileID: 0}
    - target: {fileID: 6370198331854458184, guid: 946e5987cfb7db340bbf00efbae5c095,
        type: 3}
      propertyPath: m_LocalRotation.z
      value: -0
      objectReference: {fileID: 0}
    - target: {fileID: 6370198331854458184, guid: 946e5987cfb7db340bbf00efbae5c095,
        type: 3}
      propertyPath: m_AnchoredPosition.x
      value: 0
      objectReference: {fileID: 0}
    - target: {fileID: 6370198331854458184, guid: 946e5987cfb7db340bbf00efbae5c095,
        type: 3}
      propertyPath: m_AnchoredPosition.y
      value: 0.2669983
      objectReference: {fileID: 0}
    - target: {fileID: 6370198331854458184, guid: 946e5987cfb7db340bbf00efbae5c095,
        type: 3}
      propertyPath: m_LocalEulerAnglesHint.x
      value: 0
      objectReference: {fileID: 0}
    - target: {fileID: 6370198331854458184, guid: 946e5987cfb7db340bbf00efbae5c095,
        type: 3}
      propertyPath: m_LocalEulerAnglesHint.y
      value: 180
      objectReference: {fileID: 0}
    - target: {fileID: 6370198331854458184, guid: 946e5987cfb7db340bbf00efbae5c095,
        type: 3}
      propertyPath: m_LocalEulerAnglesHint.z
      value: 0
      objectReference: {fileID: 0}
    - target: {fileID: 6370198331854458185, guid: 946e5987cfb7db340bbf00efbae5c095,
        type: 3}
      propertyPath: m_Name
      value: Application Stage Panel
      objectReference: {fileID: 0}
    - target: {fileID: 6370198332034657815, guid: 946e5987cfb7db340bbf00efbae5c095,
        type: 3}
      propertyPath: m_audioClip
      value: 
      objectReference: {fileID: 8300000, guid: 3fabed5900adabd4f9379d54344c2b48, type: 3}
    - target: {fileID: 6647809471390874931, guid: 946e5987cfb7db340bbf00efbae5c095,
        type: 3}
      propertyPath: director
      value: 
      objectReference: {fileID: 8725924283215442341}
    - target: {fileID: 8009815146829583747, guid: 946e5987cfb7db340bbf00efbae5c095,
        type: 3}
      propertyPath: director
      value: 
      objectReference: {fileID: 8725924283215442341}
    m_RemovedComponents: []
  m_SourcePrefab: {fileID: 100100000, guid: 946e5987cfb7db340bbf00efbae5c095, type: 3}
--- !u!114 &655438200163137367 stripped
MonoBehaviour:
  m_CorrespondingSourceObject: {fileID: 6370198332034657813, guid: 946e5987cfb7db340bbf00efbae5c095,
    type: 3}
  m_PrefabInstance: {fileID: 5872667748567865666}
  m_PrefabAsset: {fileID: 0}
  m_GameObject: {fileID: 0}
  m_Enabled: 1
  m_EditorHideFlags: 0
  m_Script: {fileID: 11500000, guid: 5f7201a12d95ffc409449d95f23cf332, type: 3}
  m_Name: 
  m_EditorClassIdentifier: 
--- !u!224 &655438200411477002 stripped
RectTransform:
  m_CorrespondingSourceObject: {fileID: 6370198331854458184, guid: 946e5987cfb7db340bbf00efbae5c095,
    type: 3}
  m_PrefabInstance: {fileID: 5872667748567865666}
  m_PrefabAsset: {fileID: 0}
--- !u!114 &758462604455074550 stripped
MonoBehaviour:
  m_CorrespondingSourceObject: {fileID: 6627453171632538548, guid: 946e5987cfb7db340bbf00efbae5c095,
    type: 3}
  m_PrefabInstance: {fileID: 5872667748567865666}
  m_PrefabAsset: {fileID: 0}
  m_GameObject: {fileID: 0}
  m_Enabled: 1
  m_EditorHideFlags: 0
  m_Script: {fileID: 11500000, guid: b165416de1ef4f76b3a1f94a1f687fbc, type: 3}
  m_Name: 
  m_EditorClassIdentifier: 
--- !u!114 &4492195784591527105 stripped
MonoBehaviour:
  m_CorrespondingSourceObject: {fileID: 8009815146829583747, guid: 946e5987cfb7db340bbf00efbae5c095,
    type: 3}
  m_PrefabInstance: {fileID: 5872667748567865666}
  m_PrefabAsset: {fileID: 0}
  m_GameObject: {fileID: 0}
  m_Enabled: 0
  m_EditorHideFlags: 0
  m_Script: {fileID: 11500000, guid: f40a389a058765c42b4cb7473a552526, type: 3}
  m_Name: 
  m_EditorClassIdentifier: 
--- !u!114 &4662639800487769883 stripped
MonoBehaviour:
  m_CorrespondingSourceObject: {fileID: 1282098736346705497, guid: 946e5987cfb7db340bbf00efbae5c095,
    type: 3}
  m_PrefabInstance: {fileID: 5872667748567865666}
  m_PrefabAsset: {fileID: 0}
  m_GameObject: {fileID: 0}
  m_Enabled: 1
  m_EditorHideFlags: 0
  m_Script: {fileID: 11500000, guid: e52de21a22b6dd44c9cc19f810c65059, type: 3}
  m_Name: 
  m_EditorClassIdentifier: 
--- !u!1001 &9042858482901939796
PrefabInstance:
  m_ObjectHideFlags: 0
  serializedVersion: 2
  m_Modification:
    m_TransformParent: {fileID: 8725924282614578294}
    m_Modifications:
    - target: {fileID: 316969438416832269, guid: fcc18645a5e864f4db454045ca8ad3c8,
        type: 3}
      propertyPath: m_Name
      value: Application Stage Sequence
      objectReference: {fileID: 0}
    - target: {fileID: 316969438416832270, guid: fcc18645a5e864f4db454045ca8ad3c8,
        type: 3}
      propertyPath: m_RootOrder
      value: 1
      objectReference: {fileID: 0}
    - target: {fileID: 316969438416832270, guid: fcc18645a5e864f4db454045ca8ad3c8,
        type: 3}
      propertyPath: m_LocalPosition.x
      value: 0
      objectReference: {fileID: 0}
    - target: {fileID: 316969438416832270, guid: fcc18645a5e864f4db454045ca8ad3c8,
        type: 3}
      propertyPath: m_LocalPosition.y
      value: 0
      objectReference: {fileID: 0}
    - target: {fileID: 316969438416832270, guid: fcc18645a5e864f4db454045ca8ad3c8,
        type: 3}
      propertyPath: m_LocalPosition.z
      value: 0
      objectReference: {fileID: 0}
    - target: {fileID: 316969438416832270, guid: fcc18645a5e864f4db454045ca8ad3c8,
        type: 3}
      propertyPath: m_LocalRotation.w
      value: 1
      objectReference: {fileID: 0}
    - target: {fileID: 316969438416832270, guid: fcc18645a5e864f4db454045ca8ad3c8,
        type: 3}
      propertyPath: m_LocalRotation.x
      value: -0
      objectReference: {fileID: 0}
    - target: {fileID: 316969438416832270, guid: fcc18645a5e864f4db454045ca8ad3c8,
        type: 3}
      propertyPath: m_LocalRotation.y
      value: -0
      objectReference: {fileID: 0}
    - target: {fileID: 316969438416832270, guid: fcc18645a5e864f4db454045ca8ad3c8,
        type: 3}
      propertyPath: m_LocalRotation.z
      value: -0
      objectReference: {fileID: 0}
    - target: {fileID: 316969438416832270, guid: fcc18645a5e864f4db454045ca8ad3c8,
        type: 3}
      propertyPath: m_LocalEulerAnglesHint.x
      value: 0
      objectReference: {fileID: 0}
    - target: {fileID: 316969438416832270, guid: fcc18645a5e864f4db454045ca8ad3c8,
        type: 3}
      propertyPath: m_LocalEulerAnglesHint.y
      value: 0
      objectReference: {fileID: 0}
    - target: {fileID: 316969438416832270, guid: fcc18645a5e864f4db454045ca8ad3c8,
        type: 3}
      propertyPath: m_LocalEulerAnglesHint.z
      value: 0
      objectReference: {fileID: 0}
    - target: {fileID: 316969438416832496, guid: fcc18645a5e864f4db454045ca8ad3c8,
        type: 3}
      propertyPath: m_Events.m_Events.Array.data[11].m_PersistentCalls.m_Calls.Array.size
      value: 2
      objectReference: {fileID: 0}
    - target: {fileID: 316969438416832496, guid: fcc18645a5e864f4db454045ca8ad3c8,
        type: 3}
      propertyPath: m_Events.m_Events.Array.data[11].m_PersistentCalls.m_Calls.Array.data[0].m_Mode
      value: 6
      objectReference: {fileID: 0}
    - target: {fileID: 316969438416832496, guid: fcc18645a5e864f4db454045ca8ad3c8,
        type: 3}
      propertyPath: m_Events.m_Events.Array.data[11].m_PersistentCalls.m_Calls.Array.data[1].m_Mode
      value: 1
      objectReference: {fileID: 0}
    - target: {fileID: 316969438416832496, guid: fcc18645a5e864f4db454045ca8ad3c8,
        type: 3}
      propertyPath: m_Events.m_Events.Array.data[1].m_PersistentCalls.m_Calls.Array.data[0].m_Target
      value: 
      objectReference: {fileID: 8725924283523811774}
    - target: {fileID: 316969438416832496, guid: fcc18645a5e864f4db454045ca8ad3c8,
        type: 3}
      propertyPath: m_Events.m_Events.Array.data[1].m_PersistentCalls.m_Calls.Array.data[1].m_Target
      value: 
      objectReference: {fileID: 8725924282614578295}
    - target: {fileID: 316969438416832496, guid: fcc18645a5e864f4db454045ca8ad3c8,
        type: 3}
      propertyPath: m_Events.m_Events.Array.data[2].m_PersistentCalls.m_Calls.Array.data[0].m_Target
      value: 
      objectReference: {fileID: 8725924282614578295}
    - target: {fileID: 316969438416832496, guid: fcc18645a5e864f4db454045ca8ad3c8,
        type: 3}
      propertyPath: m_Events.m_Events.Array.data[2].m_PersistentCalls.m_Calls.Array.data[1].m_Target
      value: 
      objectReference: {fileID: 8725924282093100018}
    - target: {fileID: 316969438416832496, guid: fcc18645a5e864f4db454045ca8ad3c8,
        type: 3}
      propertyPath: m_Events.m_Events.Array.data[3].m_PersistentCalls.m_Calls.Array.data[0].m_Target
      value: 
      objectReference: {fileID: 1554813468297061632}
    - target: {fileID: 316969438416832496, guid: fcc18645a5e864f4db454045ca8ad3c8,
        type: 3}
      propertyPath: m_Events.m_Events.Array.data[4].m_PersistentCalls.m_Calls.Array.data[0].m_Target
      value: 
      objectReference: {fileID: 1554813468394405369}
    - target: {fileID: 316969438416832496, guid: fcc18645a5e864f4db454045ca8ad3c8,
        type: 3}
      propertyPath: m_Events.m_Events.Array.data[4].m_PersistentCalls.m_Calls.Array.data[1].m_Target
      value: 
      objectReference: {fileID: 1554813468297061632}
    - target: {fileID: 316969438416832496, guid: fcc18645a5e864f4db454045ca8ad3c8,
        type: 3}
      propertyPath: m_Events.m_Events.Array.data[4].m_PersistentCalls.m_Calls.Array.data[2].m_Target
      value: 
      objectReference: {fileID: 8725924283523811774}
    - target: {fileID: 316969438416832496, guid: fcc18645a5e864f4db454045ca8ad3c8,
        type: 3}
      propertyPath: m_Events.m_Events.Array.data[5].m_PersistentCalls.m_Calls.Array.data[0].m_Target
      value: 
      objectReference: {fileID: 3365491207646533600}
    - target: {fileID: 316969438416832496, guid: fcc18645a5e864f4db454045ca8ad3c8,
        type: 3}
      propertyPath: m_Events.m_Events.Array.data[5].m_PersistentCalls.m_Calls.Array.data[1].m_Target
      value: 
      objectReference: {fileID: 3365491207877512533}
    - target: {fileID: 316969438416832496, guid: fcc18645a5e864f4db454045ca8ad3c8,
        type: 3}
      propertyPath: m_Events.m_Events.Array.data[5].m_PersistentCalls.m_Calls.Array.data[2].m_Target
      value: 
      objectReference: {fileID: 0}
    - target: {fileID: 316969438416832496, guid: fcc18645a5e864f4db454045ca8ad3c8,
        type: 3}
      propertyPath: m_Events.m_Events.Array.data[5].m_PersistentCalls.m_Calls.Array.data[3].m_Target
      value: 
      objectReference: {fileID: 0}
    - target: {fileID: 316969438416832496, guid: fcc18645a5e864f4db454045ca8ad3c8,
        type: 3}
      propertyPath: m_Events.m_Events.Array.data[5].m_PersistentCalls.m_Calls.Array.data[4].m_Target
      value: 
      objectReference: {fileID: 8725924283787012362}
    - target: {fileID: 316969438416832496, guid: fcc18645a5e864f4db454045ca8ad3c8,
        type: 3}
      propertyPath: m_Events.m_Events.Array.data[6].m_PersistentCalls.m_Calls.Array.data[0].m_Target
      value: 
      objectReference: {fileID: 0}
    - target: {fileID: 316969438416832496, guid: fcc18645a5e864f4db454045ca8ad3c8,
        type: 3}
      propertyPath: m_Events.m_Events.Array.data[7].m_PersistentCalls.m_Calls.Array.data[0].m_Target
      value: 
      objectReference: {fileID: 0}
    - target: {fileID: 316969438416832496, guid: fcc18645a5e864f4db454045ca8ad3c8,
        type: 3}
      propertyPath: m_Events.m_Events.Array.data[9].m_PersistentCalls.m_Calls.Array.data[0].m_Target
      value: 
      objectReference: {fileID: 3365491207646533600}
    - target: {fileID: 316969438416832496, guid: fcc18645a5e864f4db454045ca8ad3c8,
        type: 3}
      propertyPath: m_Events.m_Events.Array.data[9].m_PersistentCalls.m_Calls.Array.data[1].m_Target
      value: 
      objectReference: {fileID: 0}
    - target: {fileID: 316969438416832496, guid: fcc18645a5e864f4db454045ca8ad3c8,
        type: 3}
      propertyPath: m_Events.m_Events.Array.data[10].m_PersistentCalls.m_Calls.Array.data[0].m_Target
      value: 
      objectReference: {fileID: 3365491207877512533}
    - target: {fileID: 316969438416832496, guid: fcc18645a5e864f4db454045ca8ad3c8,
        type: 3}
      propertyPath: m_Events.m_Events.Array.data[10].m_PersistentCalls.m_Calls.Array.data[1].m_Target
      value: 
      objectReference: {fileID: 0}
    - target: {fileID: 316969438416832496, guid: fcc18645a5e864f4db454045ca8ad3c8,
        type: 3}
      propertyPath: m_Events.m_Events.Array.data[11].m_PersistentCalls.m_Calls.Array.data[0].m_Target
      value: 
      objectReference: {fileID: 0}
    - target: {fileID: 316969438416832496, guid: fcc18645a5e864f4db454045ca8ad3c8,
        type: 3}
      propertyPath: m_Events.m_Events.Array.data[11].m_PersistentCalls.m_Calls.Array.data[1].m_Target
      value: 
      objectReference: {fileID: 8725924282614578295}
    - target: {fileID: 316969438416832496, guid: fcc18645a5e864f4db454045ca8ad3c8,
        type: 3}
      propertyPath: m_Events.m_Events.Array.data[12].m_PersistentCalls.m_Calls.Array.data[0].m_Target
      value: 
      objectReference: {fileID: 8725924281988494003}
    - target: {fileID: 316969438416832496, guid: fcc18645a5e864f4db454045ca8ad3c8,
        type: 3}
      propertyPath: m_Events.m_Events.Array.data[13].m_PersistentCalls.m_Calls.Array.data[0].m_Target
      value: 
      objectReference: {fileID: 1554813468183556577}
    - target: {fileID: 316969438416832496, guid: fcc18645a5e864f4db454045ca8ad3c8,
        type: 3}
      propertyPath: m_Events.m_Events.Array.data[13].m_PersistentCalls.m_Calls.Array.data[1].m_Target
      value: 
      objectReference: {fileID: 1554813469528203798}
    - target: {fileID: 316969438416832496, guid: fcc18645a5e864f4db454045ca8ad3c8,
        type: 3}
      propertyPath: m_Events.m_Events.Array.data[14].m_PersistentCalls.m_Calls.Array.data[0].m_Target
      value: 
      objectReference: {fileID: 8725924283126737570}
    - target: {fileID: 316969438416832496, guid: fcc18645a5e864f4db454045ca8ad3c8,
        type: 3}
      propertyPath: m_Events.m_Events.Array.data[15].m_PersistentCalls.m_Calls.Array.data[0].m_Target
      value: 
      objectReference: {fileID: 2666146683032826010}
    - target: {fileID: 316969438416832496, guid: fcc18645a5e864f4db454045ca8ad3c8,
        type: 3}
      propertyPath: m_Events.m_Events.Array.data[16].m_PersistentCalls.m_Calls.Array.data[0].m_Target
      value: 
      objectReference: {fileID: 8725924283787012362}
    - target: {fileID: 316969438416832496, guid: fcc18645a5e864f4db454045ca8ad3c8,
        type: 3}
      propertyPath: m_Events.m_Events.Array.data[17].m_PersistentCalls.m_Calls.Array.data[0].m_Target
      value: 
      objectReference: {fileID: 8725924283787012362}
    - target: {fileID: 316969438416832496, guid: fcc18645a5e864f4db454045ca8ad3c8,
        type: 3}
      propertyPath: m_Events.m_Events.Array.data[11].m_PersistentCalls.m_Calls.Array.data[1].m_CallState
      value: 2
      objectReference: {fileID: 0}
    - target: {fileID: 316969438416832496, guid: fcc18645a5e864f4db454045ca8ad3c8,
        type: 3}
      propertyPath: m_Events.m_Events.Array.data[11].m_PersistentCalls.m_Calls.Array.data[0].m_MethodName
      value: SetActive
      objectReference: {fileID: 0}
    - target: {fileID: 316969438416832496, guid: fcc18645a5e864f4db454045ca8ad3c8,
        type: 3}
      propertyPath: m_Events.m_Events.Array.data[11].m_PersistentCalls.m_Calls.Array.data[1].m_MethodName
      value: ReloadScenario
      objectReference: {fileID: 0}
    - target: {fileID: 316969438416832496, guid: fcc18645a5e864f4db454045ca8ad3c8,
        type: 3}
      propertyPath: m_Events.m_Events.Array.data[11].m_PersistentCalls.m_Calls.Array.data[0].m_TargetAssemblyTypeName
      value: UnityEngine.GameObject, UnityEngine
      objectReference: {fileID: 0}
    - target: {fileID: 316969438416832496, guid: fcc18645a5e864f4db454045ca8ad3c8,
        type: 3}
      propertyPath: m_Events.m_Events.Array.data[11].m_PersistentCalls.m_Calls.Array.data[1].m_TargetAssemblyTypeName
      value: RePiX_VR.ApplicationStage.ApplicationStageManager, RePiX_VR
      objectReference: {fileID: 0}
    - target: {fileID: 316969438416832496, guid: fcc18645a5e864f4db454045ca8ad3c8,
        type: 3}
      propertyPath: m_Events.m_Events.Array.data[11].m_PersistentCalls.m_Calls.Array.data[0].m_Arguments.m_BoolArgument
      value: 1
      objectReference: {fileID: 0}
    - target: {fileID: 316969438416832496, guid: fcc18645a5e864f4db454045ca8ad3c8,
        type: 3}
      propertyPath: m_Events.m_Events.Array.data[11].m_PersistentCalls.m_Calls.Array.data[1].m_Arguments.m_ObjectArgumentAssemblyTypeName
      value: UnityEngine.Object, UnityEngine
      objectReference: {fileID: 0}
    - target: {fileID: 316969438416832497, guid: fcc18645a5e864f4db454045ca8ad3c8,
        type: 3}
      propertyPath: m_SceneBindings.Array.data[4].value
      value: 
      objectReference: {fileID: 655438200163137367}
    - target: {fileID: 316969438416832497, guid: fcc18645a5e864f4db454045ca8ad3c8,
        type: 3}
      propertyPath: m_SceneBindings.Array.data[7].value
      value: 
      objectReference: {fileID: 4662639800487769883}
    m_RemovedComponents: []
  m_SourcePrefab: {fileID: 100100000, guid: fcc18645a5e864f4db454045ca8ad3c8, type: 3}
--- !u!4 &8725924283215442266 stripped
Transform:
  m_CorrespondingSourceObject: {fileID: 316969438416832270, guid: fcc18645a5e864f4db454045ca8ad3c8,
    type: 3}
  m_PrefabInstance: {fileID: 9042858482901939796}
  m_PrefabAsset: {fileID: 0}
--- !u!320 &8725924283215442341 stripped
PlayableDirector:
  m_CorrespondingSourceObject: {fileID: 316969438416832497, guid: fcc18645a5e864f4db454045ca8ad3c8,
    type: 3}
  m_PrefabInstance: {fileID: 9042858482901939796}
  m_PrefabAsset: {fileID: 0}
